 Dungeon Crawl Stone Soup version 0.14-a0-882-gdff4d47 (webtiles) character file.

62 Bloax the Chiller (level 2, 0/15 HPs)
             Began as a Deep Elf Ice Elementalist on Nov 16, 2013.
             Slain by a worm (9 damage)
             ... on Level 2 of the Dungeon.
             The game lasted 00:03:00 (589 turns).

Bloax the Chiller (Deep Elf Ice Elementalist)        Turns: 589, Time: 00:03:00

HP   0/15        AC  6     Str  5      XL: 2   Next: 96%
MP   1/7         EV 10     Int 19      God:
Gold 34          SH  0     Dex 15      Spells:  2 memorised,  4 levels left

Res.Fire  : . . .   See Invis. : .   k - +1,+2 elf dagger
Res.Cold  : . . .   Warding    : .   d - +2 orc leather armour
Life Prot.: . . .   Conserve   : .   (no shield)
Res.Poison: .       Res.Corr.  : .   e - +0 helmet
Res.Elec. : .       Clarity    : .   (no cloak)
Sust.Abil.: . .     Spirit.Shd : .   (no gloves)
Res.Mut.  : .       Stasis     : .   (no boots)
Res.Rott. : .       Flight     : .   (no amulet)
Saprovore : . . .                    (no ring)
                                     (no ring)

@: very slightly contaminated, not resistant to hostile enchantments, fairly
stealthy
A: no striking features
a: no special abilities


You were on level 2 of the Dungeon.
You were not hungry.

You visited 1 branch of the dungeon, and saw 2 of its levels.

You collected 34 gold pieces.


   Skills:
 + Level 2.9 Dodging
 - Level 2.4 Stealth
 * Level 3.0 Spellcasting
 - Level 1.1 Conjurations
 + Level 3.7 Ice Magic


You had 4 spell levels left.
You knew the following spells:

 Your Spells              Type           Power        Failure   Level  Hunger
a - Freeze                Ice            ###.         4%          1    None
b - Throw Frost           Conj/Ice       ##....       10%         2    ##.....


Dungeon Overview and Level Annotations

Branches:
Dungeon (2/16)

Altars:

Inventory:

Hand weapons
 k - a +1,+2 elven dagger (weapon)
   (You found it on level 1 of the Dungeon)
Armour
 d - a +2 orcish leather armour (worn)
   (You found it on level 1 of the Dungeon)
 e - a +0 helmet (worn)
   (You found it on level 1 of the Dungeon)
 h - a +0 chain mail
   (You found it on level 1 of the Dungeon)
 i - a +1 dwarven large shield
   (You found it on level 1 of the Dungeon)
Comestibles
 c - a bread ration
Scrolls
 f - 2 scrolls of identify {unknown}
 j - a scroll of curse weapon {unknown}
Potions
 a - 2 potions of curing
 g - a potion of brilliance {unknown}
Books
 b - a book of Frost

   Spells                             Type                      Level
   *Freeze                            Ice                          1
   *Throw Frost                       Conjuration/Ice              2
   Ozocubu's Armour                   Charms/Ice                   3
   Throw Icicle                       Conjuration/Ice              4
   Summon Ice Beast                   Ice/Summoning                4
   Condensation Shield                Ice                          4

#..# #.## #.# #.# #.#
#.# ##.# #w.# ##+#####
###@##### .......#
#.......#
.......#######.......#
.......'.....'.......#
.......#######.......#
.......# #.......#
#'###### #.......# #.#
#.......# #.##
#.......


You could see a worm.


Message History

Unknown command.
The goblin barely misses you.
There is an open door here.
Casting: Freeze
Aiming: Freeze
Aim: a goblin, wielding an orcish dagger You freeze the goblin.
The goblin is severely wounded.
You closely miss the goblin.
The goblin is severely wounded.
The goblin hits you but does no damage.
You hit the goblin.
You kill the goblin!
The worm bites you but does no damage.
Casting: Freeze
Aiming: Freeze
Aim: a worm You freeze the worm.
The worm is moderately wounded.
Casting: Freeze
Aiming: Freeze
Aim: a worm (moderately wounded)
You freeze the worm.
The worm is moderately wounded.
You swing at nothing.
You swing at nothing.
You swing at nothing.
Casting: Freeze
Aiming: Freeze
Aim: a worm (moderately wounded)
You freeze the worm.
The worm is moderately wounded.
Casting: Freeze
Aiming: Freeze
Aim: a worm (moderately wounded)
You miscast Freeze.
You are very lightly contaminated with residual magic.
Wisps of condensation drift from your hands.
The worm barely misses you.
Casting: Freeze
Aiming: Freeze
Aim: a worm (moderately wounded)
You miscast Freeze.
Nothing appears to happen.
The worm bites you.
Casting: Freeze
Aiming: Freeze
Aim: a worm (moderately wounded)
You freeze the worm.
The worm is heavily wounded.
Casting: Freeze
Aiming: Freeze
Aim: a worm (heavily wounded)
You freeze the worm.
The worm is severely wounded.
The worm bites you but does no damage.
Casting: Freeze
Aiming: Freeze
Aim: a worm (severely wounded)
You freeze the worm.
The worm is severely wounded.
Unknown command.
You swing at nothing.
There is an open door here.
You swing at nothing.
You hit the worm.
The worm is almost dead.
You barely miss the worm.
The worm is almost dead.
The worm bites you!
Ouch! That really hurt!
You die...

Action                   || total
-------------------------++-------
Melee: Unarmed           ||     2
       Dagger            ||    23
 Cast: Freeze            ||    23
  Use: Potion            ||     1

Vault maps used:
D:1:      roderic_octagonal_star, hangedman_abyss_or_decor_lesser_grid,
          minmay_misc_feat_plants
D:2:      feat_on_display, uniq_sigmund, uniq_terence

Notes
Turn   | Place    | Note
--------------------------------------------------------------
     0 | D:1      | Bloax, the Deep Elf Ice Elementalist, began the quest for the Orb.
     0 | D:1      | Reached XP level 1. HP: 10/10 MP: 4/4
   208 | D:1      | Reached skill level 2 in Spellcasting
   323 | D:1      | Reached XP level 2. HP: 15/15 MP: 5/7
   480 | D:2      | Learned a level 2 spell: Throw Frost
   531 | D:2      | Reached skill level 3 in Spellcasting
   589 | D:2      | Slain by a worm

Vanquished Creatures
  An adder (D:2)
  2 giant geckos
  2 bats (D:2)
  A giant cockroach (D:1)
  3 goblins
  2 hobgoblins
  2 kobolds (D:1)
  3 rats (D:1)
16 creatures vanquished.
